[Event "Team 45 45 League T81"]
[Site "Internet Chess Club"]
[Date "2019.07.20"]
[Round "4"]
[White "trener"]
[Black "cool64chess"]
[Result "0-1"]
[WhiteElo "1737"]
[BlackElo "1937"]
[Opening "French: Tarrasch"]
[ECO "C03"]
[Time "23:04:10"]
[TimeControl "2700+45"]

1. e4 e6 2. d4 d5 3. Nd2 Be7 4. Bd3 c5 5. dxc5 Nf6 6. exd5 exd5 7. Ne2 Nbd7 8.
b4 a5 9. c3 axb4 10. cxb4 b6 11. Nb3 O-O 12. O-O bxc5 13. bxc5 Nxc5 14. Nxc5
Bxc5 15. Bg5 h6 16. Bh4 Bg4 17. h3 Bh5 18. Qc2 Rc8 19. Qb2 g5 20. Bg3 Re8 21.
Nd4 Qb6 22. Qxb6 Bxb6 23. Nf5 Rc3 24. Bb5 Re6 25. Rfc1 Ne4 26. Rxc3 Nxc3 27. Bd7
Re2 28. Nxh6+ Kh7 29. Ng4 Bd4 30. a4 Bg6 31. Ne3 Ne4 32. Ra3 Nxg3 33. Nxd5 Re1+
{White resigns} 0-1

[Event "Team 45 45 League T81"]
[Site "Internet Chess Club"]
[Date "2019.07.20"]
[Round "4"]
[White "room-matt"]
[Black "MacroPawn"]
[Result "1/2-1/2"]
[WhiteElo "1773"]
[BlackElo "1714"]
[Opening "Robatsch (modern) defense"]
[ECO "B07"]
[Time "10:04:04"]
[TimeControl "2700+45"]

1. e4 d6 2. d4 g6 3. Nc3 Bg7 4. Be3 Nf6 5. Qd2 Nbd7 6. Bh6 Bxh6 7. Qxh6 c5 8.
O-O-O cxd4 9. Rxd4 Qb6 10. Nf3 Ne5 11. Bb5+ Bd7 12. Bxd7+ Nfxd7 13. Nd5 Qc5 14.
Qh4 f6 15. Nxe5 dxe5 16. Rd2 O-O-O 17. Rhd1 Kb8 18. f4 Rc8 19. Nxe7 Qxe7 20.
Rxd7 Qc5 21. R7d2 Rc6 22. Qf2 Qxf2 23. Rxf2 exf4 24. Rd7 g5 25. Rfd2 h5 26. c3
Rc7 27. R7d6 Rf8 28. R2d5 Re7 29. Rd4 Kc7 30. R6d5 Rfe8 31. h4 g4 32. Rc5+ Kb8
33. Rxh5 Rxe4 34. Rxe4 Rxe4 35. Rh8+ Kc7 36. Rh7+ Kd6 37. Kd2 f3 38. gxf3 gxf3
39. Rh6 Re2+ 40. Kd3 Ke5 41. Rg6 Rxb2 42. Rg3 Kf4 43. Rg1 f2 44. Rf1 Rxa2 45. h5
Kg5 46. Rh1 Ra4 47. Ke2 Ra2+ 48. Ke3 Kh6 49. c4 b6 50. Kd4 Ra5 51. Rf1 Rxh5 52.
Rxf2 Kg6 53. Ra2 a5 54. Rb2 a4 55. Rxb6 Ra5 56. Rb2 f5 57. c5 f4 58. Rg2+ Kf5
59. c6 Ra8 60. Kd5 f3 61. Ra2 Kf4 62. c7 Kg3 63. Ra3 Kg2 64. Rxa4 Rf8 65. Rf4
Rc8 66. Rg4+ Kh3 67. Rf4 Rxc7 68. Rxf3+ Kg4 {Game drawn by mutual agreement}
1/2-1/2

[Event "Team 45 45 League T81"]
[Site "Internet Chess Club"]
[Date "2019.07.21"]
[Round "4"]
[White "PJ"]
[Black "MathBandit"]
[Result "1-0"]
[WhiteElo "1572"]
[BlackElo "1653"]
[Opening "Sicilian: closed"]
[ECO "B23"]
[Time "10:01:13"]
[TimeControl "2700+45"]

1. e4 c5 2. Nc3 a6 3. g3 b5 4. Bg2 Bb7 5. d3 Nc6 6. Nf3 e6 7. O-O Nge7 8. Be3
Ng6 9. d4 cxd4 10. Nxd4 Bb4 11. Nce2 O-O 12. c3 Ba5 13. Qc2 Rc8 14. Rad1 Qc7 15.
Nb3 Bb6 16. Bxb6 Qxb6 17. Rxd7 Nge5 18. Rdd1 Nb4 19. Qb1 Nbd3 20. Rxd3 Nxd3 21.
Qxd3 Rfd8 22. Qb1 Rd7 23. Rd1 Rcd8 24. Rxd7 Rxd7 25. Nbd4 e5 26. Nf3 Rd2 {Black
resigns} 1-0

[Event "Team 45 45 League T81"]
[Site "Internet Chess Club"]
[Date "2019.07.21"]
[Round "4"]
[White "President"]
[Black "nathanpillay"]
[Result "0-1"]
[WhiteElo "1662"]
[BlackElo "1780"]
[Opening "Nimzovich-Larsen attack: modern variation"]
[ECO "A01"]
[Time "12:00:21"]
[TimeControl "2700+45"]

1. b3 e5 2. Bb2 Nc6 3. e3 Nge7 4. Bb5 a6 5. Be2 g6 6. Nf3 Bg7 7. d4 e4 8. Nfd2
f5 9. Qc1 d5 10. a3 O-O 11. c4 Kh8 12. Nc3 Qd6 13. O-O Nd8 14. Rd1 c6 15. Na4 f4
16. Nb6 Rb8 17. Nxc8 Rxc8 18. exf4 Qxf4 19. f3 Qe3+ 20. Kf1 Ne6 21. Nb1 Qxc1 22.
Rxc1 Nxd4 23. Rd1 Nxb3 24. Bxg7+ Kxg7 25. Ra2 exf3 26. Bxf3 Rc7 27. Kg1 dxc4 28.
Rb2 Nc5 29. Nc3 b5 30. Rd6 Rf6 31. Rbd2 Rxd6 32. Rxd6 Rd7 33. Rxd7 Nxd7 34. Kf1
Ne5 35. Be4 Kf6 36. Ke2 Ke6 37. h3 Nd5 38. Na2 c5 39. h4 a5 40. h5 Nf4+ 41. Kf1
Nxh5 42. Nc3 Ng3+ 43. Kf2 Nxe4+ 44. Nxe4 Nd3+ 45. Ke3 h6 46. Nc3 b4 47. axb4
cxb4 48. Na4 Kd5 49. Nb6+ Kc5 50. Nd7+ Kb5 51. Kd4 a4 52. Nf6 a3 53. Ne4 a2 54.
Nd6+ Ka4 55. Nxc4 a1=Q+ 56. Kxd3 {White resigns} 0-1

[Event "Team 45 45 League T81"]
[Site "Internet Chess Club"]
[Date "2019.07.17"]
[Round "4"]
[White "Otelo"]
[Black "cysk"]
[Result "0-1"]
[WhiteElo "1648"]
[BlackElo "1785"]
[Opening "Réti v Dutch"]
[ECO "A04"]
[Time "21:00:55"]
[TimeControl "2700+45"]

1. Nf3 f5 2. c4 Nf6 3. g3 e6 4. Bg2 d5 5. O-O c6 6. b3 Be7 7. Bb2 O-O 8. d3 Nbd7
9. Nbd2 Qc7 10. e4 fxe4 11. dxe4 dxe4 12. Ng5 Nc5 13. Ndxe4 Nfxe4 14. Nxe4 e5
15. Qe2 Bf5 16. Nxc5 Bxc5 17. Qxe5 Qxe5 18. Bxe5 Bd3 19. Rfd1 Rxf2 20. h4 Rf5+
21. Kh2 Be2 22. Bf4 Bxd1 23. Rxd1 Re8 24. Rd2 Be3 25. Bxe3 Rxe3 26. Bh3 Rfe5 27.
Bg4 g6 28. Kg2 h5 29. Bd1 Kf7 30. a4 a5 31. Bf3 Rxb3 {White resigns} 0-1

[Event "Team 45 45 League T81"]
[Site "Internet Chess Club"]
[Date "2019.07.20"]
[Round "4"]
[White "ChessRooklift"]
[Black "Beddathanme"]
[Result "0-1"]
[WhiteElo "1670"]
[BlackElo "1734"]
[Opening "Queen's pawn game"]
[ECO "A45"]
[Time "09:01:40"]
[TimeControl "2700+45"]

1. d4 Nf6 2. h4 d5 3. Nf3 c5 4. c3 Nc6 5. g3 cxd4 6. cxd4 Qb6 7. Bg2 Bf5 8. Nc3
e6 9. O-O Bd6 10. Re1 O-O 11. a3 Ne4 12. Be3 Qxb2 13. Na4 Qb5 14. Rb1 Qa6 15.
Qb3 Rab8 16. Rb2 Na5 17. Qb5 Qxb5 18. Rxb5 Nc4 19. Ng5 Nxg3 20. fxg3 Nxe3 21.
Nc5 Bxg3 22. Ra1 Bxh4 23. Nf3 Bf6 24. Nd7 Rfd8 25. Nxb8 Rxb8 26. Rc1 Nc4 27. Kf2
a6 28. Rb3 b5 29. e3 g5 30. Bf1 g4 31. Bxc4 dxc4 32. Rxc4 gxf3 33. Rc6 Be4 34.
Rxa6 Rc8 35. Rb2 Rc3 36. a4 bxa4 37. Rxa4 Bg5 {White resigns} 0-1

[Event "Team 45 45 League T81"]
[Site "Internet Chess Club"]
[Date "2019.07.22"]
[Round "4"]
[White "sergerich191"]
[Black "Egmont"]
[Result "1-0"]
[WhiteElo "1764"]
[BlackElo "1605"]
[Opening "French: Steinitz variation"]
[ECO "C11"]
[Time "12:00:23"]
[TimeControl "2700+45"]

1. e4 e6 2. d4 d5 3. Nc3 Nf6 4. e5 Nfd7 5. Nce2 c5 6. c3 Nc6 7. Nf3 cxd4 8. cxd4
Bb4+ 9. Bd2 Be7 10. g3 O-O 11. Bg2 f6 12. exf6 Nxf6 13. O-O Bd7 14. Nc3 a6 15.
Bf4 Nh5 16. Be3 Nf6 17. a3 Rc8 18. Rc1 Bd6 19. b4 b5 20. Qd3 Be8 21. Bh3 Bd7 22.
Ng5 Qe7 23. Bg2 Nd8 24. Rfe1 g6 25. Nf3 Nf7 26. Bd2 Qd8 27. Re2 Rc4 28. Rce1 Qc7
29. Nd1 Ne4 30. Ne3 Nxd2 31. Qxd2 Rc3 32. Qa2 Rc8 33. Ng4 Kg7 34. Nge5 Bxe5 35.
Nxe5 Be8 36. Nxf7 Bxf7 37. Bh3 Rc2 38. Rxc2 Qxc2 39. Qxc2 Rxc2 40. Bxe6 Ra2 41.
Bxf7 Kxf7 42. Re5 Rxa3 43. Rxd5 Ke6 44. Rc5 Rd3 45. Rc6+ Kd5 46. Rxa6 Rxd4 47.
Ra7 Kc4 48. Rxh7 Kxb4 49. Rh6 Rd6 50. h4 Kc3 51. h5 Rd1+ 52. Kg2 gxh5 53. Rxh5
b4 54. Rb5 b3 55. g4 Rd4 56. g5 Rb4 57. Rxb4 Kxb4 58. g6 b2 59. g7 b1=Q 60. g8=Q
Qe4+ 61. f3 Qe2+ 62. Kg3 Qe1+ 63. Kf4 Qd2+ 64. Ke4 Qe2+ 65. Kf4 Qd2+ 66. Kg3
Qe1+ 67. Kh2 Qf2+ 68. Qg2 Qh4+ 69. Qh3 Qf2+ 70. Kh1 Qe1+ 71. Kg2 Qe2+ 72. Kg3
Qe5+ 73. f4 Qg7+ 74. Qg4 Qc3+ 75. Kh4 Qh8+ 76. Qh5 Qf6+ 77. Qg5 Qh8+ 78. Kg4 Kc4
79. f5 Kd5 80. Qd2+ Ke4 81. Qg2+ Kd3 82. Qd5+ Ke3 83. Qe6+ Kd4 84. f6 Qh6 85.
Qd6+ Ke4 86. Qe7+ Kd5 87. f7 {Black resigns} 1-0

[Event "Team 45 45 League T81"]
[Site "Internet Chess Club"]
[Date "2019.07.20"]
[Round "4"]
[White "scostanzo212"]
[Black "dabodhi"]
[Result "1-0"]
[WhiteElo "1563"]
[BlackElo "1306"]
[Opening "QGD: Marshall defense"]
[ECO "A50"]
[Time "15:31:00"]
[TimeControl "2700+45"]

1. d4 Nf6 2. c4 d5 3. cxd5 Nxd5 4. e4 Nb6 5. Nf3 Bg4 6. Be3 N8d7 7. Be2 Nf6 8.
Nc3 e6 9. Ne5 Bxe2 10. Qxe2 Bb4 11. Qb5+ {Black resigns} 1-0

[Event "Team 45 45 League T81"]
[Site "Internet Chess Club"]
[Date "2019.07.21"]
[Round "4"]
[White "ben622"]
[Black "Monterrey"]
[Result "0-1"]
[WhiteElo "1935"]
[BlackElo "1992"]
[Opening "French: Tarrasch, closed variation, main line"]
[ECO "C06"]
[Time "17:08:51"]
[TimeControl "2700+45"]

1. e4 e6 2. d4 d5 3. Nd2 Nf6 4. e5 Nfd7 5. Bd3 c5 6. c3 Nc6 7. Ne2 cxd4 8. cxd4
f6 9. exf6 Nxf6 10. O-O Bd6 11. Nf3 Qc7 12. Bg5 O-O 13. Rc1 Bd7 14. Ng3 Qb6 15.
b3 Ba3 16. Bxf6 gxf6 17. Rc3 Rf7 18. Bb1 Bb2 19. Rd3 Nb4 20. Re3 Rc8 21. Qd2 Ba3
22. Rc3 Nc6 23. Qf4 Qb4 24. Re3 e5 25. Qh6 e4 26. Nxe4 dxe4 27. Bxe4 Nxd4 28.
Ne5 Ne2+ 29. Rxe2 fxe5 30. Bd5 Qf4 31. Bxf7+ Qxf7 32. Rxe5 Bf8 33. Qg5+ Kh8 34.
Re3 Bc6 35. Qe5+ Bg7 36. Qd6 Rg8 37. Rg3 Re8 38. Qc5 a6 39. Qg5 Bf6 40. Qf4 Rd8
41. h3 Re8 42. Rd1 Rf8 43. Re1 Qd5 44. Qh6 Qf7 45. Re6 Bd5 46. Rd6 Bc6 47. Rd1
Be5 48. Rg4 Qxf2+ 49. Kh1 Qf1+ {White resigns} 0-1

[Event "Team 45 45 League T81"]
[Site "Internet Chess Club"]
[Date "2019.07.20"]
[Round "4"]
[White "laurenpar"]
[Black "ArturitoGalacti"]
[Result "1/2-1/2"]
[WhiteElo "1893"]
[BlackElo "1814"]
[Opening "Queen's pawn"]
[ECO "A40"]
[Time "22:02:23"]
[TimeControl "2700+45"]

1. d4 e6 2. Nc3 d5 3. Bf4 f5 4. e3 c6 5. Bd3 Nf6 6. Nf3 Bb4 7. O-O O-O 8. Ne2 b6
9. c3 Be7 10. Kh1 Nbd7 11. Ng5 Nb8 12. Qa4 Qe8 13. Bxb8 Rxb8 14. Qxa7 Bd7 15. b4
Bd6 16. Qa3 Qh5 17. Nf3 Bxh2 18. Rfd1 g5 19. Nxh2 Ng4 20. Kg1 Qxh2+ 21. Kf1 f4
22. exf4 gxf4 23. Ke1 f3 24. gxf3 Qxf2+ 25. Kd2 Rxf3 26. Qa7 Rbf8 27. Bxh7+ Kxh7
28. Qxd7+ R8f7 29. Rh1+ Nh6 30. Qxe6 R3f6 31. Qe8 Rf8 32. Qe5 Rf5 33. Qe6 {Game
drawn by mutual agreement} 1/2-1/2

[Event "Team 45 45 League T81"]
[Site "Internet Chess Club"]
[Date "2019.07.18"]
[Round "4"]
[White "Ajolote"]
[Black "Beddathanme"]
[Result "1-0"]
[WhiteElo "1941"]
[BlackElo "1720"]
[Opening "French: Chigorin variation"]
[ECO "C00"]
[Time "19:00:32"]
[TimeControl "2700+45"]

1. e4 e6 2. Qe2 c5 3. Nf3 Nc6 4. g3 g6 5. Bg2 Bg7 6. O-O Nge7 7. d3 O-O 8. c3 d6
9. Be3 Rb8 10. d4 cxd4 11. Nxd4 Nxd4 12. Bxd4 Bxd4 13. cxd4 d5 14. e5 b5 15. Nd2
b4 16. Nb3 Bd7 17. Qd2 Nf5 18. Bh3 Ne7 19. Rfc1 Qb6 20. Nc5 Rfd8 21. Rc2 Be8 22.
Rac1 Rbc8 23. Qg5 Nc6 24. Nxe6 {Black resigns} 1-0

[Event "Team 45 45 League T81"]
[Site "Internet Chess Club"]
[Date "2019.07.20"]
[Round "4"]
[White "bobhill"]
[Black "nealbruce"]
[Result "1-0"]
[WhiteElo "1830"]
[BlackElo "1671"]
[Opening "Queen's pawn game"]
[ECO "D02"]
[Time "11:03:24"]
[TimeControl "2700+45"]

1. d4 d5 2. Nf3 e6 3. Bg5 Nf6 4. e3 h6 5. Bh4 c5 6. c3 Nc6 7. Bd3 Bd6 8. Nbd2 e5
9. dxe5 Nxe5 10. Nxe5 Bxe5 11. Nf3 Bc7 12. Bxf6 Qxf6 13. Bb5+ Kf8 14. Qxd5 Bb6
15. Rd1 g6 16. Ne5 Kg7 17. Nd7 Bxd7 18. Qxd7 Rad8 19. Qg4 Rxd1+ 20. Qxd1 Rd8 21.
Qb3 Qd6 22. O-O Bc7 23. g3 b6 24. Be2 Qd2 25. Bf3 Qd6 26. Rd1 Qf6 27. Kg2 Rxd1
28. Qxd1 Qd6 29. Qa4 a5 30. c4 Qf6 31. Bd5 Be5 32. b3 h5 33. Qe8 Bc3 34. e4 Bd4
35. f4 g5 36. f5 g4 37. Qd7 Ba1 38. Kh1 Bb2 39. h3 Be5 40. Kg2 Bxg3 41. hxg4 Be5
42. Kf3 hxg4+ 43. Kxg4 Bc3 44. Kf3 Ba1 45. Qc7 Qc3+ 46. Kg4 Qf6 47. Qb7 Bb2 48.
a3 Bc3 49. Qc7 Be5 50. Qd7 Bc3 51. Qb7 Be5 52. Kf3 Bb2 53. a4 Qc3+ 54. Kg4 Qf6
55. Qd7 Be5 56. Qe8 Bc3 57. e5 Bxe5 58. Bxf7 Qxf7 59. Qxe5+ Kh7 60. Kf4 Qh5 61.
Qe7+ Kg8 62. Qg5+ Qxg5+ 63. Kxg5 Kg7 64. f6+ Kf7 65. Kf5 Kf8 66. Ke6 Ke8 67. Kd6
Kf7 68. Kc6 Kxf6 69. Kxb6 Ke6 70. Kxc5 Kd7 71. Kb5 {Black resigns} 1-0

[Event "Team 45 45 League T81"]
[Site "Internet Chess Club"]
[Date "2019.07.19"]
[Round "4"]
[White "Zebbile"]
[Black "gnat"]
[Result "0-1"]
[WhiteElo "1741"]
[BlackElo "2036"]
[Opening "Queen's pawn game"]
[ECO "D02"]
[Time "10:15:18"]
[TimeControl "2700+45"]

1. Nf3 d5 2. d4 Bg4 3. Bf4 Bxf3 4. exf3 e6 5. Bd3 Bd6 6. Qd2 Ne7 7. Nc3 c6 8.
O-O Qc7 9. Ne2 Nd7 10. c3 h6 11. Rfe1 g5 12. Bg3 f5 13. f4 g4 14. c4 h5 15. Bh4
Ng6 16. Bg5 O-O 17. cxd5 exd5 18. g3 Nb6 19. Qc2 Qd7 20. Nc3 Be7 21. Bxe7 Nxe7
22. Re2 Rae8 23. Rae1 Nbc8 24. Nd1 Nd6 25. Re6 Kg7 26. R1e5 Ng6 27. Rxe8 Rxe8
28. Rxe8 Qxe8 29. Ne3 Ne7 30. Nxf5+ Nexf5 31. Bxf5 Nb5 32. Qd2 Qf8 33. a4 Qxf5
34. axb5 cxb5 35. Qe2 Qb1+ 36. Kg2 Qe4+ 37. Qxe4 dxe4 38. Kf1 b4 39. Ke1 a5 40.
Kd1 b3 41. Kd2 b5 42. Kc3 a4 43. d5 Kf6 44. Kb4 Kf5 45. Kc3 Kf6 46. Kd2 b4 47.
Kc1 a3 48. bxa3 bxa3 49. Kb1 a2+ 50. Ka1 Kf5 51. Kb2 e3 52. fxe3 Ke4 53. d6 Kd3
54. d7 a1=Q+ 55. Kxa1 Kc2 56. d8=Q b2+ 57. Ka2 b1=Q+ 58. Ka3 Qb3# {White
checkmated} 0-1

[Event "Team 45 45 League T81"]
[Site "Internet Chess Club"]
[Date "2019.07.21"]
[Round "4"]
[White "suicidepawn"]
[Black "cool64chess"]
[Result "1-0"]
[WhiteElo "1837"]
[BlackElo "1916"]
[Opening "French: exchange variation"]
[ECO "C01"]
[Time "21:13:07"]
[TimeControl "2700+45"]

1. e4 e6 2. d4 d5 3. exd5 exd5 4. Nc3 Bb4 5. Bd2 Nf6 6. Nf3 O-O 7. Be2 Bxc3 8.
Bxc3 Ne4 9. O-O Nxc3 10. bxc3 Bg4 11. Ne5 Bxe2 12. Qxe2 Nd7 13. Nf3 Re8 14. Qd3
Nb6 15. Ne5 f6 16. Nf3 Qd7 17. Rfe1 Rxe1+ 18. Rxe1 Re8 19. Rxe8+ Qxe8 20. h3 Qa4
21. Qf5 Qxa2 22. Qe6+ Kf8 23. Qf5 a5 24. Qxh7 a4 25. Nh4 a3 26. Nf5 Kf7 27.
Qxg7+ Ke6 28. g4 Nc8 29. Qxc7 {Black resigns} 1-0

[Event "Team 45 45 League T81"]
[Site "Internet Chess Club"]
[Date "2019.07.21"]
[Round "4"]
[White "Demachaeron"]
[Black "elmaestro"]
[Result "0-1"]
[WhiteElo "1710"]
[BlackElo "1693"]
[Opening "Sicilian"]
[ECO "B50"]
[Time "23:04:18"]
[TimeControl "2700+45"]

1. e4 c5 2. Nf3 d6 3. Nc3 Nc6 4. d4 cxd4 5. Nxd4 a6 6. Be3 Nf6 7. h3 g6 8. Bc4
Bg7 9. Qd2 O-O 10. O-O Qc7 11. Nxc6 bxc6 12. Bh6 Rb8 13. Bxg7 Kxg7 14. Bb3 e6
15. Rab1 d5 16. exd5 cxd5 17. Rfe1 Bb7 18. Qd4 Rfe8 19. Re5 Kg8 20. Ba4 Bc6 21.
Rbe1 Bxa4 22. Qxa4 Red8 23. Nd1 Ne4 24. Qd4 Qxc2 25. f3 Ng3 26. a3 Nf5 27. Qf4
Rdc8 28. R5e2 Qc5+ 29. Kh2 Qc7 30. Qxc7 Rxc7 31. Rd2 Rb3 32. Nc3 Rcb7 33. Na4
R7b5 34. Rc1 Ne3 35. Rc8+ Kg7 36. Rc7 Nf1+ {White resigns} 0-1

[Event "Team 45 45 League T81"]
[Site "Internet Chess Club"]
[Date "2019.07.25"]
[Round "4"]
[White "santiagoelawad"]
[Black "fledermaus"]
[Result "1-0"]
[WhiteElo "1936"]
[BlackElo "1831"]
[Opening "English opening"]
[ECO "A10"]
[Time "18:05:08"]
[TimeControl "2700+45"]

1. c4 g6 2. Nc3 Bg7 3. g3 e5 4. Bg2 Ne7 5. e4 O-O 6. Nge2 c5 7. O-O d6 8. a3
Nbc6 9. Rb1 a5 10. d3 f5 11. Nb5 fxe4 12. dxe4 Nd4 13. Qd3 Nec6 14. Nec3 Be6 15.
Nd5 Nxb5 16. cxb5 Nd4 17. Ne3 Qd7 18. a4 Bh3 19. f3 Rf7 20. Nc4 Bxg2 21. Kxg2
Raf8 22. f4 Bh6 23. Be3 exf4 24. Bxd4 f3+ 25. Kg1 cxd4 26. Qxd4 f2+ 27. Kg2 Qg4
28. Qd3 d5 29. Ne5 dxe4 30. Nxg4 exd3 31. Nxh6+ {Black resigns} 1-0

[Event "Team 45 45 League T81"]
[Site "Internet Chess Club"]
[Date "2019.07.27"]
[Round "4"]
[White "LookImYourVader"]
[Black "jjmolina"]
[Result "0-1"]
[WhiteElo "1789"]
[BlackElo "1708"]
[Opening "Scotch gambit"]
[ECO "C44"]
[Time "15:01:05"]
[TimeControl "2700+45"]

1. e4 e5 2. Nf3 Nc6 3. d4 exd4 4. Bc4 d6 5. Nxd4 Bd7 6. Nc3 Nf6 7. O-O Be7 8.
Be3 O-O 9. f3 Re8 10. Qd2 a6 11. a4 Ne5 12. Be2 c5 13. Nb3 Qc7 14. Rfd1 Be6 15.
Nd5 Nxd5 16. exd5 Bf5 17. c4 Qb6 18. Ra3 Bf6 19. Bg5 Bxg5 20. Qxg5 Bc2 {White
resigns} 0-1

[Event "Team 45 45 League T81"]
[Site "Internet Chess Club"]
[Date "2019.07.23"]
[Round "4"]
[White "primerpaso"]
[Black "jonesey"]
[Result "0-1"]
[WhiteElo "1708"]
[BlackElo "1819"]
[Opening "English opening"]
[ECO "D35"]
[Time "15:07:52"]
[TimeControl "2700+45"]

1. c4 e6 2. Nc3 d5 3. cxd5 exd5 4. d4 Nf6 5. g3 c6 6. Bg2 Bf5 7. Nf3 Bd6 8. O-O
O-O 9. Nh4 Be6 10. f4 Re8 11. Qd3 Na6 12. f5 Bd7 13. Bf4 Qe7 14. Rae1 Nb4 15.
Qd2 Bxf4 16. Rxf4 Qe3+ 17. Qxe3 Rxe3 18. a3 Nd3 19. Ref1 Nxb2 20. R1f3 Rae8 21.
g4 b5 22. Kf2 Rxc3 23. Rxc3 Nd1+ {White resigns} 0-1

[Event "Team 45 45 League T81"]
[Site "Internet Chess Club"]
[Date "2019.07.21"]
[Round "4"]
[White "Invicta-Knight"]
[Black "Portola"]
[Result "0-1"]
[WhiteElo "1496"]
[BlackElo "1773"]
[Opening "French: advance, Milner-Barry gambit"]
[ECO "C02"]
[Time "10:02:59"]
[TimeControl "2700+45"]

1. e4 e6 2. d4 d5 3. e5 c5 4. c3 Nc6 5. Nf3 Qb6 6. Bd3 Bd7 7. O-O cxd4 8. cxd4
Nge7 9. Kh1 Nf5 10. Bxf5 exf5 11. Nc3 Be6 12. a3 Be7 13. Bd2 O-O 14. b4 a6 15.
Re1 h6 16. Qc1 Kh7 17. h3 Qd8 18. Ne2 Rc8 19. Qb1 Kg8 20. Ng3 Qd7 21. Nh5 Qd8
22. Nf4 b5 23. Re3 g5 24. Nxe6 fxe6 25. Rc3 Nb8 26. Qd3 Rc4 {White forfeits on
time} 0-1

[Event "Team 45 45 League T81"]
[Site "Internet Chess Club"]
[Date "2019.07.22"]
[Round "4"]
[White "MathBandit"]
[Black "RD1974"]
[Result "1-0"]
[WhiteElo "1665"]
[BlackElo "1563"]
[Opening "French: exchange variation"]
[ECO "C01"]
[Time "11:00:27"]
[TimeControl "2700+45"]

1. e4 e6 2. d4 d5 3. exd5 exd5 4. c4 Be6 5. Nc3 Bb4 6. Nf3 Nc6 7. cxd5 Bxd5 8.
Be2 Nge7 9. O-O O-O 10. Nxd5 Nxd5 11. Bg5 Be7 12. Bd2 Bf6 13. Qa4 Qd6 14. Rac1
a6 15. Rfe1 b5 16. Qb3 Nxd4 17. Nxd4 Bxd4 18. Bf3 Rfd8 19. Bxd5 Qxd5 20. Re8+
Rxe8 21. Qxd5 Rad8 22. Qf3 Bxb2 23. Re1 Be5 24. g3 Rxd2 25. Rxe5 Rdd8 26. Rxe8+
Rxe8 27. Qc6 {Black resigns} 1-0

[Event "Team 45 45 League T81"]
[Site "Internet Chess Club"]
[Date "2019.07.19"]
[Round "4"]
[White "scostanzo212"]
[Black "Demachaeron"]
[Result "1-0"]
[WhiteElo "1557"]
[BlackElo "1726"]
[Opening "QGD semi-Slav: Stoltz variation"]
[ECO "D45"]
[Time "17:00:57"]
[TimeControl "2700+45"]

1. d4 d5 2. c4 c6 3. Nf3 Nf6 4. Nc3 e6 5. e3 Nbd7 6. Qc2 Be7 7. g4 Qc7 8. g5 Nh5
9. Bd2 g6 10. O-O-O O-O 11. cxd5 exd5 12. Be2 Ng7 13. h4 Nb6 14. Bd3 Bg4 15. Be2
Nd7 16. Nh2 Bxe2 17. Nxe2 f6 18. f4 fxg5 19. hxg5 Nf5 20. Ng4 Rf7 21. Nh6+ Nxh6
22. Rxh6 Nb6 23. Rdh1 Qd7 24. Qxg6+ Rg7 25. Qd3 Bf8 26. g6 hxg6 27. Rxg6 Rxg6
28. Qxg6+ Bg7 29. Ng3 Qf7 30. Qh7+ Kf8 31. Bb4+ Ke8 32. Nf5 Bf8 33. Nd6+ Bxd6
34. Bxd6 Qxh7 35. Rxh7 Nc8 36. Be5 b5 37. Rc7 Ne7 38. Bf6 Ng8 39. Bg5 a5 40.
Rxc6 Kd7 41. Rc5 Ne7 42. Bxe7 Kxe7 43. Rxd5 Ke6 44. Rxb5 a4 45. Kd2 a3 46. b3
Rh8 47. Kd3 Rh2 48. Ra5 Rxa2 49. Ke4 Ra1 50. Ra6+ Kd7 51. f5 a2 52. f6 Ke8 53.
Ra7 Kf8 54. d5 Ke8 55. d6 Kf8 56. d7 Rd1 57. Rxa2 Rxd7 58. b4 Kf7 59. Ra6 Rb7
60. Kf5 Rb5+ 61. Kf4 Rxb4+ 62. e4 Rb5 63. e5 Rb1 64. Ra7+ Ke6 65. Re7+ Kd5 66.
Kf5 Rf1+ 67. Kg6 Rg1+ 68. Kf7 Rh1 69. Ke8 Rh8+ 70. Kd7 Ra8 71. Kc7 Rf8 72. f7
Ra8 73. Kb7 Rd8 74. e6 Kc5 75. Re8 Rd6 76. f8=Q {Black resigns} 1-0

[Event "Team 45 45 League T81"]
[Site "Internet Chess Club"]
[Date "2019.07.22"]
[Round "4"]
[White "Chess4Him"]
[Black "cpic2363"]
[Result "0-1"]
[WhiteElo "1482"]
[BlackElo "1491"]
[Opening "Queen's pawn, Mason variation"]
[ECO "D00"]
[Time "20:32:25"]
[TimeControl "2700+45"]

1. d4 d5 2. Bf4 e6 3. e3 Nf6 4. Bd3 Be7 5. Nd2 O-O 6. c3 c5 7. h3 cxd4 8. exd4
Nc6 9. Ngf3 b6 10. Qc2 a5 11. a4 Ba6 12. Bb5 Bxb5 13. axb5 Nb8 14. O-O Bd6 15.
Ne5 Nh5 16. Bh2 f6 17. Ng4 Bxh2+ 18. Nxh2 Qd6 19. Rfe1 Nd7 20. Re3 e5 21. Ndf3
e4 22. Ne1 f5 23. Qe2 Qg6 24. c4 f4 25. Rc3 f3 26. Qf1 Nf4 27. g3 Ne2+ 28. Kh1
Nxc3 29. bxc3 Rfc8 30. Ra4 Qe6 31. Ng4 Rxc4 32. Rxc4 dxc4 33. Ne3 Rc8 34. N1c2
Nf6 35. Na3 Nd5 36. Nxd5 Qxd5 37. Qc1 Re8 38. Qe3 Rf8 39. Kh2 h5 40. h4 Rf5 41.
Qe1 g5 42. hxg5 Rxg5 43. Qf1 e3 44. fxe3 Kg7 45. Qxc4 Qxc4 46. Nxc4 Rxb5 47. Ne5
Rxe5 48. dxe5 a4 {White resigns} 0-1

[Event "Team 45 45 League T81"]
[Site "Internet Chess Club"]
[Date "2019.07.21"]
[Round "4"]
[White "kingsrook"]
[Black "BrerRabbit"]
[Result "0-1"]
[WhiteElo "1232"]
[BlackElo "1394"]
[Opening "QGD Slav defense"]
[ECO "D10"]
[Time "15:33:28"]
[TimeControl "2700+45"]

1. d4 d5 2. c4 c6 3. Nc3 Nf6 4. e3 a6 5. Nf3 Bf5 6. b3 e6 7. Bd3 Bd6 8. Bxf5
exf5 9. c5 Bc7 10. O-O O-O 11. b4 Re8 12. Re1 Nbd7 13. Qc2 Ne4 14. Bb2 Qf6 15.
Re2 Qh6 16. Rae1 g5 17. Nxe4 fxe4 18. Ne5 Nxe5 19. dxe5 Bxe5 20. Bxe5 Rxe5 21.
Qc3 Rae8 22. Rf1 g4 23. g3 R8e6 24. Ree1 Qh3 25. Re2 Rh5 26. f3 gxf3 27. Ref2
Qg4 28. Qd2 Rh3 29. Rb1 Qg7 30. Qb2 Qxb2 31. Rbxb2 Rg6 32. Rbd2 h5 33. Kf1 h4
34. gxh4 Rxh4 35. Ke1 Rhg4 36. a4 f5 37. a5 Kg7 38. h3 Rg3 39. Rh2 Kh6 40. h4
Kh5 41. Rdf2 R6g4 42. Kd2 Rg2 43. Kc3 Rxf2 44. Rxf2 Rg2 45. Rf1 Rg3 46. Kd4 Rg2
47. Ke5 Kg4 48. Rh1 f2 49. h5 Rg1 {White resigns} 0-1

[Event "Team 45 45 League T81"]
[Site "Internet Chess Club"]
[Date "2019.07.20"]
[Round "4"]
[White "Egmont"]
[Black "julesraider"]
[Result "0-1"]
[WhiteElo "1600"]
[BlackElo "1610"]
[Opening "King's Indian: Larsen variation"]
[ECO "E90"]
[Time "11:01:00"]
[TimeControl "2700+45"]

1. d4 Nf6 2. c4 g6 3. Nc3 Bg7 4. e4 d6 5. Nf3 O-O 6. Be3 e5 7. dxe5 dxe5 8. Qxd8
Rxd8 9. Nd5 Nxd5 10. cxd5 Nd7 11. Rc1 f5 12. exf5 gxf5 13. Bg5 Re8 14. b3 e4 15.
Nd2 Nb6 16. Rxc7 Nxd5 17. Bc4 Be6 18. Rc5 e3 19. fxe3 Nb4 20. O-O h6 21. Bh4
Nxa2 22. Rfxf5 Nb4 23. Bxe6+ Rxe6 24. Nc4 b6 25. Rc7 Na6 26. Re7 Rxe7 27. Bxe7
Re8 28. Ba3 Nc7 29. Kf2 Re6 30. Kf3 a6 31. e4 Nb5 32. Kf4 Nxa3 33. Nxa3 b5 34.
Nxb5 axb5 35. Rxb5 Bc3 36. Kf5 Rf6+ 37. Kg4 Rg6+ 38. Kf3 Kf7 39. Rb7+ Ke8 40. b4
Be5 41. g3 Kd8 42. b5 Bc7 43. Ra7 Kc8 44. Ra6 Bb6 45. e5 Kb7 46. Kf4 Kc7 47. Kf5
Rg5+ 48. Ke4 Rg4+ 49. Kd5 Rd4+ 50. Ke6 Rb4 51. Kf7 Rxb5 52. e6 Rf5+ 53. Kg6 Re5
54. Kf6 Bd4 55. Ra7+ Kc8 56. Ra4 Rd5+ 57. Rxd4 Rxd4 58. Kf7 Re4 59. e7 Kd7 60.
e8=Q+ Rxe8 61. Kg6 Re6+ 62. Kh5 Ke7 63. g4 Kf7 64. h4 Re5+ 65. g5 hxg5 66. hxg5
Kg7 {White resigns} 0-1

[Event "Team 45 45 League T81"]
[Site "Internet Chess Club"]
[Date "2019.07.22"]
[Round "4"]
[White "ARMAND02019"]
[Black "Constrictor"]
[Result "0-1"]
[WhiteElo "1609"]
[BlackElo "1551"]
[Opening "QGD Slav defense"]
[ECO "D10"]
[Time "17:03:48"]
[TimeControl "2700+45"]

1. d4 c6 2. c4 d5 3. Nc3 Nf6 4. e3 Bf5 5. Nf3 e6 6. Qb3 Qb6 7. Qxb6 axb6 8. cxd5
exd5 9. Bd2 Nbd7 10. Be2 Bd6 11. O-O Ne4 12. Nxe4 Bxe4 13. Ne1 Nf6 14. a3 h5 15.
h3 g5 16. f3 Bg6 17. Bc3 Ke7 18. f4 gxf4 19. exf4 Be4 20. Bd3 Rhg8 21. b4 Bxd3
22. Nxd3 Ne4 23. Bb2 Rg3 24. Ne5 Rag8 25. Rf3 Rxg2+ 26. Kf1 Nd2+ 27. Ke1 Nxf3+
28. Nxf3 Rxb2 29. Rd1 Bxf4 30. Kf1 Rgg2 31. Re1+ Kf8 {White resigns} 0-1